 Seeded DCSS version 0.29-a0-22-gbf593b16ee (webtiles) character file.

Game seed: 10000000011 (custom seed)

56 knot the Chopper (level 3, -7/43 HPs)
             Began as a Demonspawn Berserker on Jan 30, 2022.
             Was a Follower of Trog.
             Mangled by a gnoll (9 damage)
             ... on level 2 of the Dungeon.
             The game lasted 00:01:04 (1372 turns).

knot the Chopper (Demonspawn Berserker)             Turns: 1372, Time: 00:01:05

Health: -7/43      AC:  2    Str: 17    XL:     3   Next: 71%
Magic:  3/3        EV: 12    Int: 10    God:    Trog [*.....]
Gold:   47         SH:  0    Dex: 12    Spells: 2/2 levels left

rFire   . . .      SeeInvis .   a - +0 hand axe
rCold   . . .      Faith    .   (no shield)
rNeg    . . .      Spirit   .   b - +0 animal skin
rPois   .          Reflect  .   (no helmet)
rElec   .          Harm     .   (no cloak)
rCorr   .          Rampage  .   (no gloves)
Will    .....                   (no boots)
Stlth   ..........              (no amulet)
HPRegen 1.14/turn               (no ring)
MPRegen 0.08/turn               (no ring)

@: berserking, very quick
A: hooves 1, powered by death 1
a: Renounce Religion, Berserk


You were on level 2 of the Dungeon.
You worshipped Trog.
Trog was aware of your devotion.
You visited 1 branch of the dungeon, and saw 2 of its levels.

You collected 47 gold pieces.

Inventory:

Hand Weapons
 a - a +0 hand axe (weapon)
Missiles
 g - 38 stones (quivered)
 j - 13 sling bullets
Armour
 b - a +0 animal skin (worn)
Jewellery
 d - a +4 ring of protection
Scrolls
 h - a scroll of magic mapping {unknown}
Potions
 c - a potion of resistance {unknown}
 e - a potion of mutation {unknown}
 f - a potion of heal wounds {unknown}
 i - a potion of haste {unknown}


   Skills:
 - Level 3.0 Fighting
 + Level 4.3 Axes
 - Level 1.7 Armour
 - Level 1.7 Dodging


You had 2 spell levels left.
You didn't know any spells.
Your spell library was empty.

Dungeon Overview and Level Annotations

Branches:
Dungeon (2/15)

Altars:


Innate Abilities, Weirdness & Mutations

You have large cloven feet.
You regenerate a little health from kills.


Message History

A hobgoblin comes into view.
There are monsters nearby!
The hobgoblin shouts!
A giant cockroach comes into view.
The hobgoblin hits you but does no damage.
The gnoll hits you from afar with a +0 spear.
You barely miss the hobgoblin. Your kick misses the hobgoblin.
The hobgoblin hits you.
The gnoll hits you from afar with a +0 spear.
The hobgoblin closely misses you.
You closely miss the gnoll. Your kick misses the gnoll.
You hit the hobgoblin but do no damage.
The gnoll hits you from afar with a +0 spear.
The gnoll closely misses you. The hobgoblin barely misses you.
The gnoll closely misses you.
You hit the gnoll but do no damage. You kick the gnoll.
The gnoll is moderately wounded.
You hit the hobgoblin. The gnoll misses you.
The gnoll hits you from afar with a +0 spear.
The hobgoblin misses you. The gnoll closely misses you.
You are too injured to fight recklessly!
You are too injured to fight recklessly!
You are too injured to fight recklessly!
Unknown command.
A red film seems to cover your vision as you go berserk!
You feel yourself moving faster!
You feel mighty! The gnoll barely misses you. x2
The giant cockroach closely misses you. The hobgoblin closely misses you.
The gnoll hits you from afar with a +0 spear.
You slash the giant cockroach!
You kill the giant cockroach!
Trog accepts your kill.
You barely miss the gnoll. You slash the hobgoblin!
You kill the hobgoblin!
Trog accepts your kill.
The gnoll hits you from afar with a +0 spear!
* * * LOW HITPOINT WARNING * * *
The gnoll hits you with a +0 spear.
* * * LOW HITPOINT WARNING * * *
The gnoll hits you with a +0 spear!
You die...

## ...#### .
.......### ... ####
.........##.... ...
......g........ ...#
.......@g# ..
###...g..## #.
######..# #. ##.#
####. ####.###+#
#..รท. #.....##.#
#.###
#.....##.######.#..
##.....##.....##.#.#
#.......[..##.##.#.#


You could see 3 gnolls.

Vanquished Creatures
  An adder (D:2)
  A dart slug (D:1)
  2 endoplasms (D:1)
  3 giant cockroaches
  2 goblins (D:1)
  5 hobgoblins
  4 jackals (D:2)
  2 quokkas
  6 ball pythons (D:1)
  5 bats (D:1)
  3 frilled lizards (D:1)
  A kobold (D:1)
  6 rats
41 creatures vanquished.

Notes
Turn   | Place    | Note
-------+----------+-------------------------------------------
     0 | D:1      | knot the Demonspawn Berserker began the quest for the Orb.
     0 | D:1      | Reached XP level 1. HP: 18/18 MP: 1/1
    89 | D:1      | Reached skill level 3 in Axes
   199 | D:1      | Gained mutation: You regenerate a little health from kills.
                  | [demonic ancestry]
   199 | D:1      | Reached XP level 2. HP: 24/24 MP: 2/2
   265 | D:1      | You fall into a shaft and drop 1 floor!
   657 | D:1      | Gained mutation: You have large cloven feet. [demonic
                  | ancestry]
   657 | D:1      | Reached XP level 3. HP: 26/29 MP: 3/3
   922 | D:1      | Reached skill level 4 in Axes
  1222 | D:2      | Found a faded altar of an unknown god.
  1372 | D:2      | HP: 2/43 [gnoll (6)]
  1372 | D:2      | Mangled by a gnoll

Illustrated notes

Levels and vault maps discovered:
D:1:      shiori_arrival_oz, layout_loops_ring, chequers_serial_rivers_micro_a,
          roderic_roman_lattice
D:2:      layout_basic, hellmonk_ecumenical_altar_dog_temple,
          kennysheep_big_empty_room

Skill      XL: |  1  2  3 |
---------------+----------+-----
Axes           | 3 4 |  4.3
Fighting       | |  3.0
Armour         | |  1.7
Dodging        | |  1.7

Action                   || total
-------------------------++-------
Melee: Hand axe          ||    96
       Kick              ||     8
       Punch             ||     1
Invok: Berserk           ||     2
 Stab: Sleeping          ||     4
Armor: Animal skin       ||    20
Dodge: Dodged            ||    65

Table legend: (Time is in decaauts)
 A = Elapsed time spent in this place.
 B = Non-inter-level travel time spent in this place.
 C = Inter-level travel time spent in this place.
 D = Time resting spent in this place.
 E = Time spent auto-exploring this place.
 F = Levels seen in this place.
 G = Mean time per level.
                   A        B        C        D        E       F      G
               +--------+--------+--------+--------+--------+-----+--------+
         Total |   1394 |   1372 |     22 |    178 |    975 |   2 |  697.0 |
       Dungeon |   1394 |   1372 |     22 |    178 |    975 |   2 |  697.0 |
               +--------+--------+--------+--------+--------+-----+--------+

Top non-repeatable levels by time:
     D:1: 999 daAuts
     D:2: 394 daAuts
